 Dungeon Crawl Stone Soup version 0.24.0-13-gcf9b319 (webtiles) character file.

Game seed: 6102391780136576788, levelgen mode: deterministic

188 Fang the Shield-Bearer (level 5, -3/34 HPs)
             Began as a Gargoyle Fighter on Dec 17, 2019.
             Killed from afar by an orc wizard (5 damage)
             ... with a magic dart
             ... on level 3 of the Dungeon.
             The game lasted 00:02:59 (1273 turns).

Fang the Shield-Bearer (Gargoyle Fighter)           Turns: 1273, Time: 00:03:00

Health: -3/34      AC: 11    Str: 21    XL:     5   Next: 67%
Magic:  5/5        EV:  7    Int:  8    God:
Gold:   102        SH:  9    Dex:  9    Spells: 4/4 levels left

rFire    . . .     SeeInvis .   a - +0 war axe
rCold    . . .     Gourm    .   c - +0 shield
rNeg     + . .     Faith    .   b - +0 scale mail
rPois    ∞         Spirit   .   (no helmet)
rElec    +         Reflect  .   (no cloak)
rCorr    .         Harm     .   (no gloves)
MR       .....                  (no boots)
Stlth    ..........             (no amulet)
HPRegen  0.11/turn              (no ring)
MPRegen  0.09/turn              (no ring)

@: no status effects
A: negative energy resistance 1, electricity resistance, unbreathing,
petrification resistance, rot immunity, AC +4
a: no special abilities


You were on level 3 of the Dungeon.
You were not hungry.

You visited 1 branch of the dungeon, and saw 3 of its levels.

You collected 102 gold pieces.

Inventory:

Hand Weapons
 a - a +0 war axe (weapon)
Armour
 b - a +0 scale mail (worn)
 c - a +0 shield (worn)
Jewellery
 g - a cursed ring of teleportation {unknown}
 t - a cursed -3 ring of protection {unknown}
Scrolls
 e - 2 scrolls of identify {unknown}
 h - a scroll of magic mapping {unknown}
 m - a scroll of fear {unknown}
 n - a scroll of teleportation {unknown}
 p - a scroll of remove curse {unknown}
 s - a scroll of random uselessness {unknown}
Potions
 d - a potion of might
 i - 2 potions of invisibility {unknown}
 j - a potion of resistance {unknown}
 k - 3 potions of brilliance {unknown}
 l - a potion of agility {unknown}
 o - a potion of heal wounds {unknown}
 q - a potion of curing {unknown}
Comestibles
 f - 6 rations


   Skills:
 + Level 4.3 Fighting
 + Level 2.9 Axes
 + Level 4.4 Armour
 + Level 4.4 Shields


You had 4 spell levels left.
You didn't know any spells.
Your spell library was empty.

Dungeon Overview and Level Annotations

Branches:
Dungeon (3/15)

Altars:


Innate Abilities, Weirdness & Mutations

You are resistant to torment.
Your stone body is resilient. (AC +4)
You are immune to poison.
You resist negative energy. (rN+)
You are resistant to electric shocks. (rElec)
You can survive without breathing.
You are immune to petrification.
You are immune to rotting.


Message History

A puff of frost appears from out of thin air!
The puff of frost hits you!
* * * LOW HITPOINT WARNING * * *
You miss something. Something hits you but does no damage.
You block something's attack.
You hear some strange, mumbled words.
A puff of frost appears from out of thin air!
You block the puff of frost.
You slash something!
You hear some strange, mumbled words.
A puff of flame appears from out of thin air!
The puff of flame hits you but does no damage.
Something hits you but does no damage.
You miss something. Something hits you but does no damage. Something hits you.
* * * LOW HITPOINT WARNING * * *
You closely miss something. You block something's attack.
You hear some strange, mumbled words.
A magic dart appears from out of thin air!
The magic dart hits you.
You die...

#.#.#.###
.........
......##
..... #..# .
#.<# ...
#..#
.....####.$#
....bo{@...#
...######.##
#.# #.# ...
#.. ...# #.#


You could see an orc and a bat.

Vanquished Creatures
  A necrophage (D:2)
  An orc priest (D:3)
  3 adders (D:2)
  A leopard gecko (D:3)
  2 orcs (D:3)
  A giant cockroach (D:1)
  6 goblins
  7 hobgoblins
  A ball python (D:2)
  6 bats
  6 frilled lizards (D:1)
  6 kobolds
  5 rats
46 creatures vanquished.

Notes
Turn   | Place    | Note
-------+----------+-------------------------------------------
     0 | D:1      | Fang the Gargoyle Fighter began the quest for the Orb.
     0 | D:1      | Reached XP level 1. HP: 14/14 MP: 1/1
    90 | D:1      | Reached XP level 2. HP: 19/19 MP: 2/2
   349 | D:1      | Reached XP level 3. HP: 22/23 MP: 3/3
   779 | D:2      | Noticed a necrophage
   812 | D:2      | Killed a necrophage
   812 | D:2      | Reached XP level 4. HP: 14/29 MP: 4/4
   812 | D:2      | Reached XP level 5. HP: 16/33 MP: 5/5
  1273 | D:3      | Killed from afar by an orc wizard

Levels and vault maps discovered:
D:1:      minmay_arrival_split_and_join, layout_rooms
D:2:      layout_rooms
D:3:      layout_loops_ring, first_ration

Skill      XL: |  1  2  3 |
---------------+----------+-----
Axes           | 2 |  2.9
Fighting       | 4 |  4.3
Armour         | 4 |  4.4
Shields        | 4 |  4.4

Action                   |  1- 3 |  4- 6 || total
-------------------------+-------+-------++-------
Melee: War axe           |   143 |    46 ||   189
  Eat: Chunk             |       |     2 ||     2
Armor: Scale mail        |    83 |    34 ||   117
Dodge: Dodged            |    48 |     8 ||    56
Block: Shield            |    82 |    31 ||   113
